 Dungeon Crawl Stone Soup version 0.27-a0-1324-ge0d8e047f6 (webtiles) character file.

Game seed: 2651435756481305395

92569 Feb132020 the Tainter (level 15, 0/122 HPs)
             Began as a Demonspawn Venom Mage on June 22, 2021.
             Was a High Priest of Ashenzari.
             Slain by a naga mage (4 damage)
             ... on level 1 of the Snake Pit on June 23, 2021.
             The game lasted 03:13:24 (28795 turns).

Feb132020 the Tainter (Demonspawn Venom Mage)      Turns: 28795, Time: 03:13:24

Health: 0/122      AC: 13    Str: 19    XL:     15   Next: 58%
Magic:  27/32      EV: 18    Int: 19    God:    Ashenzari [*****.]
Gold:   1075       SH: 12    Dex: 16    Spells: 13/40 levels left

rFire    . . .     SeeInvis +   o - +5 dagger "Fibutod" {drain, rElec rC+ rCorr Stlth+}
rCold    + + +     Faith    .   c - +0 buckler of the Ruined Seer {Cun, Fort} (curse)
rNeg     + . .     Spirit   .   j - +2 leather armour of the Tethered Sage {rC++ rN+ Dex-2 Stlth+, Cun, Evo} (curse)
rPois    .         Reflect  +   S - +0 mask of the Dragon {Will+ Slay+3 SInv, Fort, Melee} (curse)
rElec    +         Harm     .   e - +1 cloak of the Oracular Stars {Evo, Melee} (curse)
rCorr    +         Rampage  .   D - +2 pair of gloves "Moon of the Astral Sage" {Evo, Self} (curse)
Will     ++...     Clarity  +   i - +0 pair of boots "Doseodil" {+Inv}
Stlth    +++++++...             g - amulet "Seer of Ashenzari" {Reflect Regen+ SH+5, Bglg, Fort} (curse)
HPRegen  1.30/turn              h - ring "Gnostic the Doldrums" {Str+6, Alch, Bglg} (curse)
MPRegen  0.23/turn              K - ring "At What Cost Knowledge?" {Wiz rElec Str+5, Melee, Fort} (curse)

@: lethally poisoned (0 -> -4), very slightly contaminated, studying 3 skills
A: talons 2, foul stench 3, spiny 2, sturdy frame 1
a: Renounce Religion, Evoke Invisibility, Curse Item, Shatter the Chains


You were on level 1 of the Snake Pit.
You worshipped Ashenzari.
Ashenzari was extremely pleased with you.
You visited 5 branches of the dungeon, and saw 21 of its levels.
You also visited: Ossuary, Gauntlet and Ice Cave.

You collected 2081 gold pieces.
You spent 1006 gold pieces at shops.

Inventory:

Hand Weapons
 k - a +2 vorpal dagger
 o - the +5 dagger "Fibutod" (weapon) {drain, rElec rC+ rCorr Stlth+}
   (You found it in a Gauntlet)

   A truly terrible weapon, it drains the life of those it strikes.
   It protects you from cold.
   It insulates you from electricity.
   It protects you from acid and corrosion.
   It makes you more stealthy.
 z - a +2 short sword of venom
 B - a +3 short sword
 L - the +7 short sword "Osimarph" {flame, *Rage rCorr Int+4 Stlth+}
   (You bought it in a shop on level 2 of the Orcish Mines)

   It has been specially enchanted to burn those struck by it, causing extra
   injury to most foes and up to half again as much damage against particularly
   susceptible opponents.
   It affects your intelligence (+4).
   It may make you go berserk in combat.
   It protects you from acid and corrosion.
   It makes you more stealthy.
Missiles
 u - 4 throwing nets
 C - 10 curare-tipped darts
Armour
 c - the cursed +0 buckler of the Ruined Seer (worn) {Cun, Fort}
   (You found it on level 1 of the Dungeon)

   It has a curse which improves the following skills: Cunning: Dodging and
   Stealth.
   Fortitude: Armour and Shields.
 e - the cursed +1 cloak of the Oracular Stars (worn) {Evo, Melee}
   (You found it on level 1 of the Dungeon)

   It has a curse which improves the following skills: Evocations: Evocations.
   Melee Combat: Short Blades, Long Blades, Axes, Maces & Flails, Polearms,
   Staves and Unarmed Combat.
 i - the +0 pair of boots "Doseodil" (worn) {+Inv}
   (You bought it in a shop on level 2 of the Orcish Mines)

   It lets you turn invisible.
 j - the cursed +2 leather armour of the Tethered Sage (worn) {rC++ rN+ Dex-2 Stlth+, Cun, Evo}
   (You took it off an orc warrior on level 9 of the Dungeon)

   It affects your dexterity (-2).
   It greatly protects you from cold.
   It protects you from negative energy.
   It makes you more stealthy.
   It has a curse which improves the following skills: Cunning: Dodging and
   Stealth.
   Evocations: Evocations.
 v - the +2 robe of the Arcane {Dex+6}
   (You found it in a Gauntlet)

   It affects your dexterity (+6).
 D - the cursed +2 pair of gloves "Moon of the Astral Sage" (worn) {Evo, Self}
   (You found it on level 9 of the Dungeon)

   It has a curse which improves the following skills: Evocations: Evocations.
   Introspection: Fighting and Spellcasting.
 S - the cursed +0 mask of the Dragon (worn) {Will+ Slay+3 SInv, Fort, Melee}
   (You acquired it on level 6 of the Lair of Beasts)

   It affects your accuracy and damage with ranged weapons and melee attacks
   (+3).
   It lets you see invisible.
   It increases your willpower.
   It has a curse which improves the following skills: Fortitude: Armour and
   Shields.
   Melee Combat: Short Blades, Long Blades, Axes, Maces & Flails, Polearms,
   Staves and Unarmed Combat.
Jewellery
 g - the cursed amulet "Seer of Ashenzari" (around neck) {Reflect Regen+ SH+5, Bglg, Fort}
   (You acquired it on level 8 of the Dungeon)

   [amulet of reflection]

   It reflects blocked missile attacks.
   It increases your rate of health regeneration.
   It affects your SH (+5).
   It has a curse which improves the following skills: Beguiling: Conjurations,
   Hexes and Translocations.
   Fortitude: Armour and Shields.
 h - the cursed ring "Gnostic the Doldrums" (left hand) {Str+6, Alch, Bglg}
   (You found it on level 3 of the Dungeon)

   [ring of strength]

   It affects your strength (+6).
   It has a curse which improves the following skills: Alchemy: Poison Magic and
   Transmutations.
   Beguiling: Conjurations, Hexes and Translocations.
 K - the cursed ring "At What Cost Knowledge?" (right hand) {Wiz rElec Str+5, Melee, Fort}
   (You acquired it on level 3 of the Lair of Beasts)

   [ring of wizardry]

   It improves your spell success rate.
   It affects your strength (+5).
   It insulates you from electricity.
   It has a curse which improves the following skills: Melee Combat: Short
   Blades, Long Blades, Axes, Maces & Flails, Polearms, Staves and Unarmed
   Combat.
   Fortitude: Armour and Shields.
 T - a +6 ring of strength
 W - a ring of magical power
 Y - the ring of Dezusted {rF+ rN++ Str+3 Dex+5}
   (You found it in a Gauntlet)

   [ring of protection from fire]

   It affects your strength (+3).
   It affects your dexterity (+5).
   It protects you from fire.
   It greatly protects you from negative energy.
 Z - a ring of flight
Wands
 b - a wand of flame (82)
 q - a wand of mindburst (12)
 x - a wand of charming (17)
 y - a wand of digging (7)
 M - a wand of iceblast (20)
 N - a wand of acid (13)
 Q - a wand of polymorph (13)
Scrolls
 d - 4 scrolls of fog
 m - 3 scrolls of magic mapping
 t - 6 scrolls of teleportation
 E - 6 scrolls of silence
 F - 2 scrolls of fear
 I - a scroll of blinking
 P - a scroll of summoning
 R - 2 scrolls of amnesia
 V - 3 scrolls of enchant weapon
 X - a scroll of enchant armour
Potions
 f - a potion of invisibility
 l - 4 potions of heal wounds
 n - 4 potions of flight
 p - a potion of ambrosia
 r - 8 potions of curing
 s - 3 potions of brilliance
 w - a potion of cancellation
 A - 3 potions of haste
 G - a potion of mutation
 H - 2 potions of might
 O - a potion of magic
Miscellaneous
 a - a phantom mirror
 J - a phantom mirror


   Skills:
 * Level 10.4(12.8) Fighting
 + Level 9.2(14.2) Short Blades
 * Level 3.8(9.4) Armour
 + Level 6.7(10.8) Dodging
 + Level 8.0(12.0) Stealth
 + Level 6.4(12.5) Shields
 + Level 10.7(13.1) Spellcasting
 + Level 7.7(11.7) Conjurations
 + Level 1.5(4.2) Translocations
 + Level 4.2(6.7) Transmutations
 * Level 6.6 Ice Magic
 * Level 10.0 Air Magic
 + Level 10.7(13.1) Poison Magic
 * Level 3.0(7.4) Evocations


You had 13 spell levels left.
You knew the following spells:

 Your Spells              Type           Power      Damage    Failure   Level
a - Sting                 Tmut/Pois      100%       1d8       1%          1
b - Poisonous Vapours     Pois/Air       100%       N/A       1%          2
c - Mephitic Cloud        Conj/Pois/Air  54%        N/A       1%          3
d - Magic Dart            Conj           100%       1d8       1%          1
e - Irradiate             Conj/Tmut      23%        3d21      1%          5
f - Airstrike             Air            25%        N/A       1%          4
h - Hailstorm             Conj/Ice       47%        3d11      1%          4
o - Olgreb's Toxic Radia  Pois           58%        N/A       1%          4
A - Apportation           Tloc           56%        N/A       1%          1
B - Blink                 Tloc           N/A        N/A       1%          2

Your spell library contained the following spells:

 Spells                   Type           Power      Damage    Failure   Level
 Beastly Appendage        Tmut           76%        N/A       1%          1
 Corona                   Hex            15%        N/A       1%          1
 Shock                    Conj/Air       100%       1d9       1%          1
 Ensorcelled Hibernation  Hex/Ice        52%        N/A       1%          2
 Static Discharge         Conj/Air       52%        N/A       1%          2
 Wereblood                Tmut           38%        N/A       1%          2
 Conjure Flame            Conj/Fire      34%        6-21      1%          3
 Dazzling Flash           Conj/Hex       70%        N/A       1%          3
 Ignite Poison            Fire/Tmut/Pois 37%        N/A       1%          3
 Spider Form              Tmut/Pois      25%        N/A       1%          3
 Stone Arrow              Conj/Erth      68%        3d11      1%          3
 Swiftness                Air            50%        N/A       1%          3
 Fulminant Prism          Conj/Hex       17%        3d11      1%          4
 Ice Form                 Ice/Tmut       37%        N/A       1%          4
 Sticky Flame             Conj/Fire      34%        2d5       1%          4
 Alistair's Intoxication  Tmut/Pois      33%        N/A       1%          5
 Lightning Bolt           Conj/Air       26%        1d42      1%          5
 Animate Skeleton         Necr           24%        N/A       2%          1
 Pain                     Necr           48%        1d6       2%          1
 Slow                     Hex            14%        N/A       2%          2
 Portal Projectile        Hex/Tloc       42%        N/A       2%          3
 Summon Lightning Spire   Summ/Air       31%        N/A       2%          4
 Call Imp                 Summ           12%        N/A       3%          2
 Sublimation of Blood     Necr           6%         N/A       3%          2
 Blade Hands              Tmut           19%        N/A       4%          5
 Confusing Touch          Hex            14%        N/A       5%          3
 Tukima's Dance           Hex            14%        N/A       5%          3
 Petrify                  Tmut/Erth      25%        N/A       5%          4
 Inner Flame              Hex/Fire       13%        N/A       6%          3
 Vampiric Draining        Necr           6%         2d6       6%          3
 Fireball                 Conj/Fire      17%        3d9       6%          5
 Eringya's Noxious Bog    Tmut/Pois      25%        N/A       6%          6
 Silence                  Hex/Air        16%        N/A       7%          5
 Manifold Assault         Tloc           28%        N/A       11%         5
 Animate Dead             Necr           6%         N/A       21%         4
 Starburst                Conj/Fire      17%        8x6d6     28%         6
 Storm Form               Tmut/Air       22%        N/A       47%         7
 Agony                    Necr           12%        N/A       50%         5
 Dispersal                Tloc           14%        N/A       50%         6
 Statue Form              Tmut/Erth      16%        N/A       58%         6
 Dragon Form              Tmut           19%        N/A       71%         7
 Spellforged Servitor     Conj/Summ      17%        N/A       82%         7
 Ignition                 Fire           6%         3d4       100%        8
 Polar Vortex             Ice            18%        N/A       100%        9


Dungeon Overview and Level Annotations

Branches:
Dungeon (10/15)            Temple (1/1) D:7            Lair (6/6) D:8
 Shoals (0/4) Lair:4        Snake (2/4) Lair:2        Slime (0/5) Lair:6
    Orc (2/2) D:10            Elf (0/3) Orc:2       Ossuary (visited)
  IceCv (visited)         Gauntlet (visited)

Altars:
Ashenzari
Elyvilon
Fedhas
Hepliaklqana
Kikubaaqudgha
Makhleb
Nemelex Xobeh
Okawaru
Qazlal
Ru
Sif Muna
Trog
Uskayaw
Wu Jian
Yredelemnul
Beogh

Shops:
Orc:2 [([*

Portals:
Abyss: Lair:6

Annotations:
D:5 exclusion: necrophage
D:6 1 runed translucent door, exclusion: door, Leissi's ghost, novice MiFi
Lair:2 exclusion: hydra, Urug
Lair:3 exclusion: oklob plant
Lair:5 exclusion: 5 oklob plants
Lair:6 2 transporters, Ykleste's ghost, journeyman GrFi
Snake:1 Aizul


Innate Abilities, Weirdness & Mutations

You have razor-sharp toenails.
You frequently emit foul miasma when damaged in melee.
You are mostly covered in sharp spines.
Your movements are slightly less encumbered by armour. (ER -2)


Message History

The black mamba is blasted with magical radiation!!!
You kill the black mamba!
The black mamba is blasted with magical radiation!
The black mamba is almost dead.
The black mamba twists and deforms.
You are very lightly contaminated with residual magic.
* * * LOW HITPOINT WARNING * * *
You feel extremely sick.
The black mamba is engulfed in dark miasma.
The black mamba seems to slow down.
You block the black mamba's attack. The black mamba misses you.
The black mamba is engulfed in dark miasma.
The black mamba seems to slow down.
The black mamba is struck by your spines.
You kill the black mamba!
Unknown command.
Aiming: Corrosive Bolt
Press: ? - help, Shift-Dir - straight line, f - naga mage
Aim: a naga mage, wielding a +1 halberd of protection (fast, 74% to hit)
The bolt of acid hits the black mamba!!
The black mamba is splashed with acid!
The acid corrodes the black mamba!
You kill the black mamba!
The bolt of acid hits the naga mage!
The naga mage is splashed with acid.
The naga mage is moderately wounded.
You feel very sick.
The naga mage hits you from afar with a +1 halberd of protection.
* * * LOW HITPOINT WARNING * * *
Okay, then.
* * * LOW HITPOINT WARNING * * *
You feel very sick.
Unknown command.
As you read the scroll of fear, it crumbles to dust.
You assume a fearsome visage.
The naga mage resists with almost no effort.
* * * LOW HITPOINT WARNING * * *
You feel very sick. The naga mage spits poison at you.
The splash of poison misses you.
The naga mage hits you from afar with a +1 halberd of protection.
You die...

#####.........#, *,, **, *
#####.#......##. .#**, ,
.............#..,.# ...** , *
#####.#.###..... .##*#.#,,, ,
#####.#.###....##..# #.. * ***
#......)###........# #..
#.###.###...##.....###.###
#.........####...#.###.####
#....#...######.@...##.#####
....<#...######.##.....######
.#.......#####N§...##....########
##.......####......###.#.########
##...########.#....##.....###...#
#....#######..####.##......##....
....######....####!##............
..#######..##.####.##....N.>.....
###..........................#...


You could see a naga mage (fast, catching breath).

Vanquished Creatures
  An orc warlord (Orc:2)
  The ghost of Froggeryz the Cleaver, a journeyman DgIE (Orc:1)
  2 minotaurs
  A fire dragon (D:9)
  8 hydras
  2 naga warriors (Snake:1)
  3 anacondas
  A boulder beetle (Lair:5)
  2 catoblepae
  24 death yaks
  A deep troll shaman (Lair:6)
  3 orc high priests (Orc:2)
  4 naga sharpshooters
  The ghost of Glokmah the Covert, a novice KoAr of Dithmenos (D:9)
  A lindwurm (Lair:6)
  A mana viper (Snake:2)
  3 orc knights
  7 orc sorcerers
  2 ugly things
  2 salamanders
  A moth of wrath (D:9)
  15 elephants
  14 black mambas
  An ice statue (Gauntlet)
  A guardian serpent (Snake:2)
  5 cane toads
  4 rime drakes
  7 komodo dragons
  An unseen horror (D:10)
  2 ice devils (Lair:3)
  4 hornets
  A merfolk (D:9)
  7 polar bears
  4 trolls
  Prince Ribbit (D:7)
  A snapping turtle (Lair:4)
  A slime creature (Lair:6)
  30 blink frogs
  12 spriggans (Lair:3)
  2 shadows (D:10)
  3 wyverns
  Eustachio (D:6)
  63 yaks
  5 basilisks
  8 nagas
  2 wargs
  10 water moccasins
  An acid dragon (D:9)
  6 ice beasts (IceCv)
  6 ogres
  39 orc warriors
  2 sky beasts
  5 black bears
  3 boggarts (Lair:3)
  13 wolves
  A kobold brigand (D:9)
  11 bullfrogs
  An elf zombie (Ossuary)
  5 scorpions
  2 gnoll sergeants (D:9)
  A water moccasin zombie (D:5)
  12 killer bees (D:9)
  5 electric eels
  5 centaur zombies
  7 hounds
  A bullfrog skeleton (D:5)
  26 orc priests
  6 gnoll shamans
  6 jellies
  4 iguanas (D:5)
  22 orc wizards
  Ijyb (D:4)
  5 hell rats (Lair:5)
  2 killer bee zombies (D:5)
  2 ogre zombies (Ossuary)
  8 mummies
  2 howler monkey zombies
  28 gnolls
  10 adders
  3 white imps
  2 ufetubi
  5 adder zombies (Ossuary)
  3 worms
  2 dart slugs
  100 orcs
  9 endoplasms
  6 giant cockroaches
  14 goblins
  12 hobgoblins
  8 jackals
  2 quokkas
  5 ball pythons
  4 bats
  2 frilled lizards
  2 goblin zombies (Ossuary)
  4 hobgoblin zombies (Ossuary)
  8 kobolds
  4 kobold zombies (Ossuary)
  3 quokka zombies (Ossuary)
  2 rats
  6 rat zombies (Ossuary)
730 creatures vanquished.

Vanquished Creatures (collateral kills)
  A cane toad (Lair:2)
  A blink frog (Lair:2)
2 creatures vanquished.

Vanquished Creatures (others)
  49 fungi
  79 plants
  2 withered plants (Gauntlet)
130 creatures vanquished.

Grand Total: 862 creatures vanquished

Notes
Turn   | Place    | Note
-------+----------+-------------------------------------------
     0 | D:1      | Feb132020 the Demonspawn Venom Mage began the quest for the
                  | Orb.
     0 | D:1      | Reached XP level 1. HP: 13/13 MP: 3/3
   595 | D:1      | Reached skill level 1 in Transmutations
   595 | D:1      | Gained mutation: You have sharp toenails. [demonic
                  | ancestry]
   595 | D:1      | Reached XP level 2. HP: 19/19 MP: 1/5
   830 | D:1      | Found a faded altar of an unknown god.
   834 | D:1      | Learned a level 2 spell: Poisonous Vapours
  1387 | D:1      | Reached XP level 3. HP: 23/24 MP: 4/7
  1391 | D:1      | Learned a level 3 spell: Mephitic Cloud
  2538 | D:2      | Gained mutation: You may rarely emit foul miasma when
                  | damaged in melee. [demonic ancestry]
  2538 | D:2      | Reached XP level 4. HP: 30/30 MP: 3/8
  2873 | D:2      | Identified Jiskump's Collected Works on the Cankerous
                  | Snowflakes
  3288 | D:3      | Reached skill level 1 in Air Magic
  3649 | D:3      | Gained mutation: You are partially covered in sharp spines.
                  | [demonic ancestry]
  3649 | D:3      | Reached XP level 5. HP: 35/35 MP: 5/9
  4518 | D:4      | Noticed a water moccasin
  4518 | D:4      | Noticed Ijyb
  4739 | D:4      | Killed Ijyb
  4740 | D:4      | Reached skill level 1 in Conjurations
  5361 | D:4      | Noticed a black bear
  5373 | D:4      | Killed a black bear
  5374 | D:4      | Gained mutation: You sometimes emit foul miasma when
                  | damaged in melee. [demonic ancestry]
  5374 | D:4      | Reached XP level 6. HP: 41/41 MP: 3/11
  5508 | D:4      | Killed a water moccasin
  5509 | D:4      | Gained mutation: You have razor-sharp toenails. [demonic
                  | ancestry]
  5509 | D:4      | Reached XP level 7. HP: 14/47 MP: 6/13
  5879 | D:4      | Found a bloodstained altar of Trog.
  5879 | D:4      | Found a stormy altar of Qazlal.
  5880 | D:4      | Found a hazy altar of Hepliaklqana.
  6301 | D:5      | Entered Level 5 of the Dungeon
  6556 | D:5      | Identified the Disquisition on the Blaze and the Compass
  6693 | D:5      | Found a sand-covered staircase.
  6703 | Ossuary  | Entered an ossuary
  7013 | Ossuary  | Reached skill level 1 in Short Blades
  7571 | Ossuary  | Reached skill level 1 in Fighting
  7571 | Ossuary  | Reached XP level 8. HP: 37/54 MP: 14/14
  8402 | D:5      | Found an iron altar of Okawaru.
  9576 | D:6      | Noticed Eustachio
  9603 | D:6      | Killed Eustachio
  9604 | D:6      | Reached skill level 5 in Poison Magic
  9820 | D:6      | Found a sacrificial altar of Ru.
  9998 | D:6      | Learned a level 1 spell: Magic Dart
 10105 | D:6      | Found a runed translucent door.
 10106 | D:6      | Noticed Leissi's ghost (novice MiFi)
 10406 | D:7      | Reached skill level 5 in Spellcasting
 10678 | D:7      | Reached XP level 9. HP: 61/61 MP: 10/16
 11032 | D:7      | Found a staircase to the Ecumenical Temple.
 11037 | Temple   | Entered the Ecumenical Temple
 11070 | Temple   | Became a worshipper of Ashenzari the Shackled
 11930 | D:8      | Noticed a white ugly thing
 11942 | D:7      | Killed a white ugly thing
 12056 | D:8      | Found a basalt altar of Yredelemnul.
 12194 | D:8      | Noticed Prince Ribbit
 12222 | D:7      | Killed Prince Ribbit
 12223 | D:7      | Reached skill level 5 in Conjurations
 12362 | D:8      | Reached skill level 5 in Air Magic
 12925 | D:8      | Found a staircase to the Lair.
 12926 | D:8      | Identified a scroll of acquirement
 12937 | D:8      | Acquired the amulet of Bizeycs {Reflect Regen+ SH+5}
 12977 | D:8      | Noticed a komodo dragon
 12982 | D:8      | Reached XP level 10. HP: 64/67 MP: 12/19
 13636 | Lair:1   | Entered Level 1 of the Lair of Beasts
 13657 | Lair:1   | Noticed a seven-headed hydra
 13719 | D:9      | Noticed a moth of wrath
 13719 | D:9      | Noticed a seven-headed hydra
 13719 | D:9      | Noticed a fire dragon
 13720 | D:9      | Found a transporter.
 13720 | D:9      | Noticed Glokmah's ghost (novice KoAr)
 13750 | D:9      | Found a transporter.
 14019 | D:9      | Identified the +2 leather armour of Sin {rC++ rN+ Dex-2
                  | Stlth+}
 14166 | D:9      | Reached skill level 1 in Shields
 14796 | D:9      | Reached skill level 1 in Armour
 14851 | D:9      | Reached * piety under Ashenzari
 15398 | Lair:1   | Noticed a cane toad
 15414 | Lair:1   | Killed a cane toad
 15501 | Lair:1   | Gained mutation: Your movements are slightly less
                  | encumbered by armour. (ER -2) [demonic ancestry]
 15501 | Lair:1   | Reached XP level 11. HP: 58/75 MP: 20/22
 15506 | Lair:1   | Learned a level 4 spell: Olgreb's Toxic Radiance
 15630 | Lair:1   | Reached ** piety under Ashenzari
 15739 | Lair:1   | Noticed a four-headed hydra
 15852 | Lair:1   | Reached skill level 5 in Short Blades
 16272 | Lair:2   | Noticed Urug
 16567 | Lair:1   | Reached *** piety under Ashenzari
 16923 | Lair:1   | Killed a four-headed hydra
 17016 | Lair:2   | Found a staircase to the Snake Pit.
 17258 | Lair:2   | Noticed a five-headed hydra
 17418 | Lair:2   | Noticed an eight-headed hydra
 17567 | Lair:2   | Reached **** piety under Ashenzari
 17896 | Lair:3   | Found a frozen archway.
 17954 | IceCv    | Entered an ice cave
 18047 | IceCv    | Reached skill level 5 in Fighting
 18065 | IceCv    | Learned a level 1 spell: Apportation
 18108 | IceCv    | Noticed a white ugly thing
 18129 | IceCv    | Killed a white ugly thing
 18130 | IceCv    | Reached skill level 5 in Stealth
 18206 | IceCv    | Noticed a white ugly thing
 18333 | Lair:3   | Acquired the ring of Qetim {Wiz rElec Str+5}
 18370 | Lair:3   | Gained mutation: You are mostly covered in sharp spines.
                  | [demonic ancestry]
 18370 | Lair:3   | Reached XP level 12. HP: 54/88 MP: 26/26
 18483 | Lair:3   | Noticed a four-headed hydra
 18898 | Lair:3   | Noticed an eight-headed hydra
 18949 | Lair:3   | Reached skill level 5 in Dodging
 19333 | Lair:3   | Killed a four-headed hydra
 19578 | Lair:3   | Noticed a five-headed hydra
 19592 | Lair:3   | Killed a five-headed hydra
 19737 | Lair:3   | Upgraded the game from 0.27-a0-1321-gd358eaa319 to
                  | 0.27-a0-1324-ge0d8e047f6
 19921 | Lair:4   | Learned a level 2 spell: Blink
 19927 | Lair:4   | Learned a level 5 spell: Irradiate
 20015 | Lair:4   | Reached ***** piety under Ashenzari
 20099 | Lair:4   | Reached skill level 5 in Shields
 20552 | Lair:4   | Reached XP level 13. HP: 103/103 MP: 24/28
 20940 | Lair:4   | Found a staircase to the Shoals.
 21406 | Lair:5   | Learned a level 4 spell: Hailstorm
 21431 | Lair:5   | Reached skill level 1 in Evocations
 21845 | Lair:5   | Reached skill level 10 in Poison Magic
 22255 | Lair:5   | Reached skill level 1 in Translocations
 22640 | Lair:5   | Learned a level 4 spell: Airstrike
 22681 | Lair:6   | Entered Level 6 of the Lair of Beasts
 22694 | Lair:6   | Acquired the +0 mask of the Dragon {Will+ Slay+3 SInv}
 22695 | Lair:6   | Found the +0 mask of the Dragon {Will+ Slay+3 SInv}
 22716 | Lair:6   | Reached XP level 14. HP: 111/113 MP: 23/30
 22959 | Lair:6   | Found a transporter.
 23095 | Lair:6   | Found a one-way gate to the infinite horrors of the Abyss.
 23095 | Lair:6   | Noticed Ykleste's ghost (journeyman GrFi)
 23097 | Lair:6   | Noticed a cacodemon
 23103 | Lair:6   | Found the +8 demon trident "Rift" {distort, reach+}
 23325 | Lair:6   | Reached skill level 1 in Ice Magic
 23458 | Lair:6   | Identified the +9 long sword of Cakesase {flame, Drain
                  | Will+++ Dex+4 Stlth-}
 23516 | Lair:6   | Reached skill level 10 in Spellcasting
 23765 | Lair:6   | Found a staircase to the Slime Pits.
 23933 | Lair:6   | Found a transporter.
 24365 | D:9      | Killed Glokmah's ghost
 24453 | D:10     | Entered Level 10 of the Dungeon
 24945 | D:10     | Found a staircase to the Orcish Mines.
 25170 | Orc:1    | Entered Level 1 of the Orcish Mines
 25522 | Orc:1    | Reached skill level 10 in Fighting
 25849 | Orc:2    | Entered Level 2 of the Orcish Mines
 25898 | Orc:2    | Found a gate leading to a gauntlet.
 25905 | Orc:2    | Found a staircase to the Elven Halls.
 25907 | Gauntlet | Entered a Gauntlet
 25907 | Gauntlet | Found a transporter.
 25907 | Gauntlet | Found a transporter.
 25907 | Gauntlet | Found a transporter.
 25908 | Gauntlet | Found a transporter.
 25911 | Gauntlet | Found a transporter.
 25911 | Gauntlet | Found a transporter.
 25921 | Gauntlet | Found a transporter.
 25922 | Gauntlet | Found the +3 warlock's mirror {reflect}
 25923 | Gauntlet | Identified the ring of Dezusted {rF+ rN++ Str+3 Dex+5}
 25925 | Gauntlet | Found a transporter.
 25927 | Gauntlet | Found a large runed translucent door.
 25928 | Gauntlet | Found a large runed translucent door.
 25929 | Gauntlet | Found a large runed translucent door.
 25929 | Gauntlet | Found a large runed translucent door.
 25929 | Gauntlet | Found a runed translucent door.
 25930 | Gauntlet | Found a large runed translucent door.
 25931 | Gauntlet | Identified the +10 mace "Huzxew" {holy, rPois}
 25932 | Gauntlet | Found a large runed translucent door.
 25932 | Gauntlet | Found a large runed translucent door.
 25932 | Gauntlet | Found a large runed translucent door.
 25933 | Gauntlet | Found a runed translucent gate.
 25941 | Gauntlet | Found a transporter.
 25941 | Gauntlet | Noticed a balrug
 25942 | Gauntlet | Found a transporter.
 25942 | Gauntlet | Found a runed translucent gate.
 25943 | Gauntlet | Found a runed translucent gate.
 25943 | Gauntlet | Found a runed translucent door.
 25944 | Gauntlet | Found a large runed translucent door.
 25944 | Gauntlet | Found a large runed translucent door.
 25945 | Gauntlet | Found a large runed translucent door.
 25946 | Gauntlet | Found a large runed translucent door.
 25955 | Gauntlet | Found a large runed translucent door.
 25955 | Gauntlet | Found a large runed translucent door.
 25956 | Gauntlet | Found a large runed translucent door.
 25957 | Gauntlet | Found a large runed translucent door.
 25959 | Gauntlet | Found a transporter.
 25963 | Gauntlet | Found a transporter.
 26103 | Gauntlet | Reached skill level 5 in Ice Magic
 26169 | Gauntlet | Identified the Compendium of Execration
 26169 | Gauntlet | Identified the +2 robe of the Arcane {Dex+6}
 26178 | Gauntlet | Gained mutation: You frequently emit foul miasma when
                  | damaged in melee. [demonic ancestry]
 26178 | Gauntlet | Reached XP level 15. HP: 43/122 MP: 8/31
 26281 | Gauntlet | Identified the Guide on Changing and Blows and Bruises
 26281 | Gauntlet | Identified the +5 dagger "Fibutod" {drain, rElec rC+ rCorr
                  | Stlth+}
 26281 | Gauntlet | Identified Sif Muna's Volume of Hurtful Air
 26281 | Gauntlet | Identified the +1 robe of a bailey {rCorr Str+3 Dex-3}
 26387 | Orc:2    | Found Deuno's General Store.
 26478 | Orc:2    | Bought the +7 short sword "Osimarph" {flame, *Rage rCorr
                  | Int+4 Stlth+} for 683 gold pieces
 26500 | Orc:2    | Found Liapt's Antique Armour Boutique.
 26549 | Orc:2    | Noticed an orc warlord
 26588 | Orc:2    | Found Orie's Antique Weapon Shop.
 26630 | Orc:2    | Killed an orc warlord
 26896 | Orc:2    | Bought a pair of heavily runed boots for 323 gold pieces
 26896 | Orc:2    | Identified the +0 pair of boots "Doseodil" {+Inv} (You
                  | bought it in a shop on level 2 of the Orcish Mines)
 27205 | Orc:2    | Found Hiylur's Armour Emporium.
 27374 | Orc:2    | Found a burning altar of Makhleb.
 27515 | Orc:2    | Found a runed translucent gate.
 27515 | Orc:2    | Found a runed translucent gate.
 27515 | Orc:2    | Found a runed translucent gate.
 27530 | Orc:2    | Noticed Froggeryz's ghost (journeyman DgIE)
 27549 | Orc:1    | Killed Froggeryz's ghost
 27929 | Snake:1  | Entered Level 1 of the Snake Pit
 28066 | Snake:1  | Noticed Aizul
 28774 | Snake:1  | Reached skill level 10 in Air Magic
 28794 | Snake:1  | HP: 5/122 [poisoned by a black mamba]
 28795 | Snake:1  | Slain by a naga mage

Illustrated notes

Levels and vault maps discovered:
D:1:      grunt_arrival_lava_bath, layout_basic,
          shapermc_ecumenical_altar_totnotflames
D:2:      layout_basic, minmay_hedge_maze
D:3:      layout_loops_cross, lemuel_coloured_pillars_altar, grunt_ministairs_13
D:4:      layout_layer_cave, gammafunk_temple_overflow_forgotten, uniq_ijyb
D:5:      layout_loops_corners, overflow_temple_1_default,
          gup_ossuary_entry_pyramid
D:6:      layout_loops_ring, nicolae_ru_great_annihilating_truth,
          gammafunk_ghost_grave, uniq_eustachio
D:7:      layout_basic, temple_statues
D:8:      layout_cave_pools, yredelemnul_altar_generic,
          due_lair_maze_entry_diamond, special_room [special_room_orc],
          minmay_splitting_lines, uniq_prince_ribbit1
D:9:      layout_big_octagon, serial_gnoll_camp, gnoll_camp_mini_house,
          gnoll_camp_mini_basic, gnoll_camp_mini_hut, gnoll_camp_mini_basic,
          gnoll_camp_mini_hut, gnoll_camp_mini_basic,
          gammafunk_ghost_berserking_beasts, hangedman_fish_farm
D:10:     layout_rooms, erik_orc_2
Temple:   regret_index_temple_waves
Lair:1:   layout_gridlike, chequers_serial_rivers_small_a,
          nicolae_quartered_pool_medium
Lair:2:   layout_regular_city, guppyfry_snake_entry_island, uniq_urug
Lair:3:   kb_forest_paths, layout_regular_city, portal_ice_cave_demonic_guard,
          cheibrodos_lair_lostbears
Lair:4:   layout_concentric_octagons, minmay_shoals_entry_hut,
          beast_lair_carwin_3, lemuel_fruit_tree, serial_bayou_shore_a
Lair:5:   layout_cave_pods, grunt_megastairs_5, lemuel_fruit_fields,
          serial_bayou_shore_b, minmay_lair_oklob_chamber,
          infiniplex_staircase_pool_2
Lair:6:   grunt_lair_end_beastmaster, layout_regular_city,
          minmay_slime_entry_pillars, gammafunk_ghost_abyssal_escape,
          infiniplex_staircase_pool
Snake:1:  layout_misc_corridors, uniq_aizul
Snake:2:  layout_concentric_octagons, serial_bayou_shore_b, grunt_megastairs_4
Orc:1:    nicolae_orc_accident_3, layout_caves
Orc:2:    grunt_orc_community_town_hall, layout_caves,
          grunt_orc_community_big_house_2, grunt_orc_community_big_house_1,
          grunt_orc_community_house_1, grunt_orc_community_house_2,
          grunt_orc_community_house_1, grunt_orc_community_house_3,
          gauntlet_entry_generic, maelrawn_ghost_gauntlet_escape, bloody_makhleb

Skill      XL: |  1  2  3  4  5  6  7  8  9 10 11 12 13 14 15 |
---------------+----------------------------------------------+-----
Transmutations | 1 2 3 4 |  4.2
Spellcasting   | 3 4 5 6 7 8 9 10 | 10.7
Stealth        | 2 3 4 5 6 7 8 |  8.0
Air Magic      | 1 2 3 4 5 6 7 9 10 | 10.0
Poison Magic   | 4 5 6 7 9 10 | 10.7
Conjurations   | 1 2 4 5 6 7 |  7.7
Dodging        | 2 3 4 5 6 |  6.7
Short Blades   | 1 3 4 5 6 7 9 |  9.2
Fighting       | 1 2 5 7 9 10 | 10.4
Shields        | 2 3 5 6 |  6.4
Armour         | 2 3 |  3.8
Evocations     | 1 3 |  3.0
Translocations | 1 |  1.5
Ice Magic      | 5 6 |  6.6

Action                   |  1- 3 |  4- 6 |  7- 9 | 10-12 | 13-15 || total
-------------------------+-------+-------+-------+-------+-------++-------
Melee: Unarmed           |     2 |       |       |       |       ||     2
       Dagger            |       |    21 |   318 |   755 |   357 ||  1451
       Kick              |       |     4 |   104 |   231 |   252 ||   591
       Rapier            |       |       |       |     8 |   544 ||   552
 Cast: Sting             |    76 |    62 |    40 |    26 |       ||   204
       Poisonous Vapours |     2 |    18 |    63 |    87 |    22 ||   192
       Mephitic Cloud    |       |       |     1 |     6 |    17 ||    24
       Magic Dart        |       |       |       |    55 |    13 ||    68
       Olgreb's Toxic Ra |       |       |       |    33 |    57 ||    90
       Apportation       |       |       |       |     2 |     4 ||     6
       Irradiate         |       |       |       |       |    24 ||    24
       Airstrike         |       |       |       |       |    15 ||    15
       Hailstorm         |       |       |       |       |    10 ||    10
Invok: Curse Item        |       |       |       |     8 |     2 ||    10
       Shatter the Chain |       |       |       |       |     2 ||     2
Evoke: Wand              |       |       |       |     5 |    16 ||    21
  Use: Scroll            |       |     7 |    11 |     6 |     6 ||    30
       Potion            |       |     3 |     3 |     2 |     4 ||    12
 Stab: Sleeping          |       |     1 |    25 |    18 |    35 ||    79
       Invisible         |       |       |     1 |       |       ||     1
       Confused          |       |       |     1 |     2 |    18 ||    21
       Petrified         |       |       |       |       |     4 ||     4
       Petrifying        |       |       |       |       |     3 ||     3
       Distracted        |       |       |       |       |     2 ||     2
Armor: Robe              |    11 |     7 |    50 |    12 |       ||    80
       Leather armour    |       |       |       |    72 |    88 ||   160
       Acid dragon scale |       |       |       |     7 |       ||     7
Dodge: Dodged            |    30 |    19 |   154 |   234 |   266 ||   703
Block: Other             |       |       |     1 |    12 |       ||    13
       Buckler           |       |       |       |   258 |   295 ||   553
       Reflection        |       |       |       |     1 |    11 ||    12

Table legend: (Time is in decaauts)
 A = Elapsed time spent in this place.
 B = Non-inter-level travel time spent in this place.
 C = Inter-level travel time spent in this place.
 D = Time resting spent in this place.
 E = Time spent auto-exploring this place.
 F = Levels seen in this place.
 G = Mean time per level.
                   A        B        C        D        E       F      G
               +--------+--------+--------+--------+--------+-----+--------+
         Total |  28117 |  26757 |   1360 |   1766 |  18337 |  24 | 1171.5 |
       Dungeon |  14799 |  14072 |    727 |   1319 |  10049 |  10 | 1479.9 |
        Temple |     59 |     33 |     26 |      0 |     25 |   1 |   59.0 |
          Lair |   8595 |   8055 |    540 |    172 |   5673 |   6 | 1432.5 |
     Snake Pit |    743 |    743 |      0 |    105 |    122 |   2 |  371.5 |
  Orcish Mines |   2059 |   1993 |     66 |     27 |   1326 |   2 | 1029.5 |
       Ossuary |   1206 |   1206 |      0 |     38 |    855 |   1 | 1206.0 |
      Ice Cave |    282 |    282 |      0 |      3 |    140 |   1 |  282.0 |
      Gauntlet |    370 |    370 |      0 |    102 |    146 |   1 |  370.0 |
               +--------+--------+--------+--------+--------+-----+--------+

Top non-repeatable levels by time:
     D:7: 2145 daAuts
     D:1: 2005 daAuts
     D:4: 1862 daAuts
  Lair:1: 1701 daAuts
     D:9: 1639 daAuts
  Lair:3: 1606 daAuts
     D:5: 1559 daAuts
     D:3: 1551 daAuts
  Lair:5: 1528 daAuts
  Lair:4: 1326 daAuts
   Orc:2: 1310 daAuts
  Lair:6: 1282 daAuts
     D:8: 1240 daAuts
 Ossuary: 1206 daAuts
  Lair:2: 1150 daAuts
